 Dungeon Crawl Stone Soup version 0.32-a0-616-g9348d4545b (webtiles) character file.

Game seed: 9245650084121868025

26 Drazool the Shooter (level 3, -4/27 HPs)
             Began as a Coglin Hunter on Mar 5, 2024.
             Slain by Terence
             ... wielding a +1 hand axe of flaming
              (9 damage)
             ... on level 2 of the Dungeon.
             The game lasted 00:02:05 (698 turns).

Drazool the Shooter (Coglin Hunter)                  Turns: 698, Time: 00:02:06

Health: -4/27      AC:  3    Str: 11    XL:     3   Next: 8%
Magic:  3/3        EV: 12    Int:  8    God:
Gold:   92         SH:  0    Dex: 19    Spells: 2/2 levels left

rFire   . . .        a - +2 sling {Yongsun}
rCold   . . .        d - +0 sling {Arun}
rNeg    . . .        c - +0 leather armour
rPois   .            (no helmet)
rElec   .            (no cloak)
rCorr   .            (no gloves)
SInv    .            (no boots)
Will    .....        (amulet unavailable)
Stlth   ++           (ring unavailable)
HPRegen 0.24/turn    (ring unavailable)
MPRegen 0.08/turn    (no gizmo)

%: no passive effects
@: revved
A: off-hand wielding, slow wielding, warmup strikes, no jewellery
a: Invent Gizmo


You were on level 2 of the Dungeon.
You visited 1 branch of the dungeon, and saw 2 of its levels.

You collected 92 gold pieces.


Innate Abilities, Weirdness & Mutations

You can wield a second weapon in your off-hand.
It takes a long time for you to wield or remove held weapons.
Your first few attacks do less damage.
You cannot equip rings or amulets.


   Skills:
 - Level 2.0 Fighting
 + Level 4.5 Ranged Weapons
 - Level 1.7 Dodging
 - Level 0.7 Stealth


You had 2 spell levels left.
You didn't know any spells.
Your spell library contained the following spells:

 Spells                   Type           Power      Damage    Failure   Level
 Apportation              Tloc           0%         N/A       50%         1
 Necrotise                Necr           0%         1d4       50%         1
 Sting                    Conj/Alch      0%         1d3       50%         1
 Summon Small Mammal      Summ           0%         N/A       50%         1

Inventory:

Hand Weapons
 a - a +2 sling (weapon) {Yongsun}
 d - a +0 sling (offhand) {Arun}
Armour
 c - a +0 leather armour (worn)
Scrolls
 b - a scroll of butterflies
 f - a scroll of immolation {unknown}
 g - a scroll of blinking {unknown}
 h - a scroll of fear {unknown}
 i - a scroll of identify {unknown}
Potions
 e - a potion of mutation {unknown}

Dungeon Overview and Level Annotations

Branches:
Dungeon (2/15)

Altars:

Annotations:
D:2 Terence

... #.# #+ #.# # ... #.#
## .... ###.# #. .....
##.#.# ##.
......####.>..########..
......@@.........)......
......####....########..
..... ##.#.# #.. ....
###.# #.. ... #.# ### #+
#.# .<# .##


You could see Terence.


Message History

Terence is heavily wounded.
Terence hits you with a +1 hand axe of flaming!
Terence burns you.
You shoot a sling bullet.
The sling bullet hits Terence but does no damage.
Terence is heavily wounded.
You shoot a sling bullet.
The sling bullet completely misses Terence.
Terence hits you with a +1 hand axe of flaming.
* * * LOW HITPOINT WARNING * * *
Terence burns you.
* * * LOW HITPOINT WARNING * * *
You shoot a sling bullet. The sling bullet hits Terence.
Terence is severely wounded.
You shoot a sling bullet. The sling bullet hits Terence.
Terence is severely wounded.
Terence barely misses you.
Unknown command.
You shoot a sling bullet.
The sling bullet hits Terence but does no damage.
Terence is severely wounded.
You shoot a sling bullet. The sling bullet hits Terence.
Terence is almost dead.
Terence hits you with a +1 hand axe of flaming.
* * * LOW HITPOINT WARNING * * *
Terence burns you.
* * * LOW HITPOINT WARNING * * *
Terence hits you with a +1 hand axe of flaming!
You die...
Terence says, "Time to find some more victims."

Skill      XL: |  1 |
---------------+----+-----
Ranged Weapons | 4 |  4.5
Fighting       | |  2.0
Dodging        | |  1.7
Stealth        | |  0.7

Action                     || total
---------------------------++-------
   Fire: Sling             ||   100
 Armour: Leather armour    ||    13
  Dodge: Dodged            ||    13

Levels and vault maps discovered:
D:1:      minmay_arrival_semitransparent, layout_basic
D:2:      layout_loops_corners, uniq_terence

Notes
Turn   | Place    | Note
-------+----------+-------------------------------------------
     0 | D:1      | Drazool the Coglin Hunter began the quest for the Orb.
     0 | D:1      | Reached XP level 1. HP: 16/16 MP: 1/1
    81 | D:1      | Reached skill level 4 in Ranged Weapons
    81 | D:1      | Reached XP level 2. HP: 19/22 MP: 2/2
   653 | D:2      | Reached XP level 3. HP: 27/27 MP: 3/3
   691 | D:2      | Noticed Terence
   698 | D:2      | Slain by Terence

Vanquished Creatures
  A dart slug (D:1)
  An endoplasm (D:2)
  A giant cockroach (D:2)
  4 goblins
  A hobgoblin (D:1)
  3 jackals (D:1)
  A kobold (D:2)
  4 bats
  4 frilled lizards (D:1)
  3 rats
23 creatures vanquished.

Table legend: (Time is in decaauts)
 A = Elapsed time spent in this place.
 B = Non-inter-level travel time spent in this place.
 C = Inter-level travel time spent in this place.
 D = Time resting spent in this place.
 E = Time spent auto-exploring this place.
 F = Levels seen in this place.
 G = Mean time per level.
                   A        B        C        D        E       F      G
               +--------+--------+--------+--------+--------+-----+--------+
         Total |    709 |    687 |     22 |      0 |    572 |   2 |  354.5 |
       Dungeon |    709 |    687 |     22 |      0 |    572 |   2 |  354.5 |
               +--------+--------+--------+--------+--------+-----+--------+

Top non-repeatable levels by time:
     D:1: 537 daAuts
     D:2: 171 daAuts

Table legend:
 A = Non-vault XP
 B = Vault XP
 C = Vault XP percentage of total XP
 D = Non-vault monster count
 E = Vault monster count
 F = Vault count percentage of total count
                 A         B        C        D         E       F
            +---------+---------+-------+---------+---------+-------
      Total |      38 |       0 |   0.0 |      23 |       0 |   0.0
            +---------+---------+-------+---------+---------+-------
        D:1 |      27 |       0 |   0.0 |      17 |       0 |   0.0
        D:2 |      11 |       0 |   0.0 |       6 |       0 |   0.0
            +---------+---------+-------+---------+---------+-------
